 Dungeon Crawl Stone Soup version 0.21.1-1-g345015f (webtiles) character file.

2082 letownia2 the Magician (level 9, -2/68 HPs)
             Began as a Merfolk Wizard on Mar 11, 2018.
             Was a Believer of Cheibriados.
             Slain by a killer bee (4 damage)
             ... on level 8 of the Dungeon.
             The game lasted 00:21:38 (3066 turns).

letownia2 the Magician (Merfolk Wizard)             Turns: 3066, Time: 00:21:39

Health: -2/68      AC:  8    Str: 14    XL:     9   Next: 27%
Magic:  15/18      EV: 14    Int: 22    God:    Cheibriados [**....]
Gold:   233        SH:  0    Dex: 16    Spells: 9/20 levels left

rFire    . . .     SeeInvis +   a - +6 short sword "Fijur" {freeze, +Inv}
rCold    . . .     Gourm    .   (no shield)
rNeg     . . .     Faith    .   A - +3 leather armour
rPois    .         Spirit   .   m - +0 helmet
rElec    .         Reflect  .   C - +0 cloak
rCorr    .         Harm     .   (no gloves)
MR       .....                  (no boots)
Stlth    +.........             (no amulet)
HPRegen  0.21/turn              D - ring of see invisible
MPRegen  0.16/turn              E - ring of wizardry

@: confused, lethally poisoned (-2 -> -4), very slow
A: change form in water, swift swim, stealthy swim
a: Bend Time, Renounce Religion, Evoke Invisibility


You were on level 8 of the Dungeon.
You worshipped Cheibriados.
Cheibriados was pleased with you.
You were not hungry.

You visited 2 branches of the dungeon, and saw 9 of its levels.

You collected 233 gold pieces.

Inventory:

Hand Weapons
 a - the +6 short sword "Fijur" (weapon) {freeze, +Inv}
   (You found it on level 6 of the Dungeon)

   It has been specially enchanted to freeze those struck by it, causing extra
   injury to most foes and up to half again as much damage against particularly
   susceptible opponents.
   It can also slow down cold-blooded creatures.
   It lets you turn invisible.
 b - a +1 flail of protection
 s - a +2 hand axe of electrocution
 u - a +0 spear
 z - a +1 trident
 I - a +1 shortbow of freezing
Missiles
 J - 20 arrows
Armour
 m - a +0 helmet (worn)
 n - a +1 hat
 A - a +3 leather armour (worn)
 C - a +0 cloak (worn)
 H - a +0 plate armour
Jewellery
 D - a ring of see invisible (left hand)
 E - a ring of wizardry (right hand)
Wands
 d - a wand of disintegration (11)
 l - a wand of polymorph (10)
Scrolls
 e - 3 scrolls of remove curse
 f - 5 scrolls of identify
 k - a scroll of fear
 r - a scroll of amnesia
 x - a scroll of enchant weapon
 y - a scroll of magic mapping
 F - a scroll of enchant armour {unknown}
Potions
 g - a potion of mutation {unknown}
 j - 2 potions of ambrosia
 q - a potion of might
 v - a potion of curing
 w - 2 potions of resistance
Books
 c - a book of Minor Magic

   Spells                             Type                      Level
   a - Magic Dart                     Conjuration                  1
   b - Blink                          Translocation                2
   c - Call Imp                       Summoning                    2
   d - Slow                           Hexes                        2
   e - Conjure Flame                  Conjuration/Fire             3
   f - Mephitic Cloud                 Conjuration/Poison/Air       3
Comestibles
 o - 10 rations


   Skills:
 + Level 5.4 Fighting
 + Level 2.4 Armour
 + Level 4.4 Dodging
 - Level 2.1 Stealth
 - Level 6.4 Spellcasting
 - Level 2.3 Conjurations
 - Level 2.0 Summonings
 - Level 2.4 Translocations
 - Level 2.4 Fire Magic
 - Level 2.1 Air Magic
 - Level 2.9 Poison Magic
 + Level 1.7 Invocations


You had 9 spell levels left.
You knew the following spells:

 Your Spells              Type           Power        Failure   Level  Hunger
a - Magic Dart            Conj           ###.         1%          1    None
b - Blink                 Tloc           N/A          2%          2    None
c - Conjure Flame         Conj/Fire      ###.....     4%          3    #......
e - Mephitic Cloud        Conj/Pois/Air  ###.....     4%          3    #......
i - Call Imp              Summ           ###.....     2%          2    None


Dungeon Overview and Level Annotations

Branches:
Dungeon (8/15)             Temple (1/1) D:6
   Lair: D:8-11

Altars:
Ashenzari
Cheibriados
Dithmenos
Elyvilon
Fedhas
Gozag
Hepliaklqana
Kikubaaqudgha
Makhleb
Nemelex Xobeh
Okawaru
Ru
Uskayaw
Vehumet
Wu Jian
Xom
Yredelemnul
Zin

Annotations:
D:2 Jessica
D:3 Sigmund
D:6 1 runed door
D:8 wojtek's ghost, novice MiBe


Message History

Press: ? - help, Shift-Dir - straight line, f - killer bee
Aim: a killer bee
Okay, then.
You are engulfed in noxious fumes.
You choke on the stench!
You are confused.
* * * LOW HITPOINT WARNING * * *
The killer bee misses you. The killer bee stings you.
* * * LOW HITPOINT WARNING * * *
The killer bee stings you but does no damage. x2
Wojtek's ghost says, "Try not to bleed too much."
The killer bee stings you!
* * * LOW HITPOINT WARNING * * *
You are poisoned.
The killer bee poisons you! The killer bee barely misses you.
In your confused state, you trip and fall back down the stairs.
* * * LOW HITPOINT WARNING * * *
You are engulfed in noxious fumes.
* * * LOW HITPOINT WARNING * * *
You feel sick. The killer bee completely misses you. The killer bee stings you.
You die...

,,,,,,****,*
*,*,***,*##..*,,,,* *******
#.****,*,,..,,....,,*,,*
,,***#**
#.#,,,,**#$.,....#****,*
*,,,,..###..,****#..#*....##
*,, *****#......,*
*#..#**#.#..###*,,
*....#.*###..#* #.#...[#,,,
**,,#...##...#* #.#<#*,*,,,
*,,,*#.....### #.#.#*,*,,,
**,**#.÷..yy@####
#.#.#*,,,,,
**,*###.###yy..###...#***,,,
******,** #.######..W.#..#
*,,, **,,,***,* #....#
##...#..# *,,, *,,***,,,*
####.####...##.# *,,, ,,**
*,,,*#####.#......#..# *,,,
,** *,,,*#.....#†##...#..#
*,,, ***
****##.h.....######..# *,,,
,,****####...§...)#####.,##
**,,


You could see 4 killer bees and wojtek's ghost.

Vanquished Creatures
  An ice beast (D:4)
  An orc warrior (D:6)
  3 sky beasts
  A necrophage (D:6)
  6 ogres
  A phantom (D:4)
  A centaur (D:7)
  A big kobold (D:7)
  3 bullfrogs
  A killer bee (D:6)
  2 crimson imps
  3 hounds
  3 orc priests (D:6)
  3 orc wizards
  7 worker ants
  2 hound skeletons
  Robin (D:2)
  5 adders
  A shadow imp (D:8)
  3 dart slugs
  3 leopard geckos
  18 orcs
  8 giant cockroaches
  6 goblins
  8 hobgoblins
  6 jackals
  2 quokkas
  5 bats
  A frilled lizard (D:2)
  A jackal zombie (D:5)
  6 kobolds
  A leopard gecko skeleton (D:8)
  A leopard gecko zombie (D:5)
  2 quokka skeletons (D:4)
  7 rats
  4 butterflies (D:6)
128 creatures vanquished.

Vanquished Creatures (collateral kills)
  A worker ant (D:3)
  3 adders
  2 hobgoblins
  2 goblins (D:2)
8 creatures vanquished.

Grand Total: 136 creatures vanquished

Notes
Turn   | Place    | Note
-------+----------+-------------------------------------------
     0 | D:1      | letownia2 the Merfolk Wizard began the quest for the Orb.
     0 | D:1      | Reached XP level 1. HP: 13/13 MP: 4/4
    15 | D:1      | Reached skill level 1 in Conjurations
   103 | D:1      | Reached XP level 2. HP: 4/19 MP: 0/6
   112 | D:1      | Learned a level 2 spell: Call Imp
   220 | D:2      | Noticed Jessica
   400 | D:2      | Noticed Robin
   425 | D:2      | Killed Robin
   425 | D:2      | Reached XP level 3. HP: 21/24 MP: 1/7
   603 | D:2      | Learned a level 3 spell: Mephitic Cloud
   784 | D:3      | Reached XP level 4. HP: 25/30 MP: 1/8
   794 | D:3      | Reached skill level 1 in Poison Magic
   806 | D:3      | Noticed Sigmund
   976 | D:3      | Reached skill level 1 in Air Magic
  1040 | D:3      | Found an iron altar of Okawaru.
  1040 | D:3      | Found a basalt altar of Yredelemnul.
  1103 | D:4      | Reached XP level 5. HP: 23/35 MP: 4/9
  1114 | D:4      | Learned a level 3 spell: Conjure Flame
  1265 | D:4      | Noticed an ogre
  1273 | D:4      | Killed an ogre
  1273 | D:4      | Reached skill level 1 in Fire Magic
  1273 | D:4      | Reached XP level 6. HP: 41/41 MP: 3/10
  1277 | D:4      | Learned a level 2 spell: Blink
  1542 | D:4      | Noticed a phantom
  1581 | D:4      | Killed a phantom
  1581 | D:4      | Reached skill level 1 in Translocations
  1659 | D:5      | Entered Level 5 of the Dungeon
  1659 | D:5      | Noticed a sky beast
  1736 | D:5      | Noticed an ice beast
  1755 | D:4      | Killed an ice beast
  1755 | D:4      | Reached skill level 1 in Fighting
  1793 | D:4      | Reached skill level 1 in Armour
  1878 | D:5      | Killed a sky beast
  1878 | D:5      | Reached XP level 7. HP: 31/50 MP: 2/11
  2238 | D:6      | Reached XP level 8. HP: 10/58 MP: 3/13
  2239 | D:6      | HP: 2/58 [orc/trident (9)]
  2410 | D:6      | Reached skill level 4 in Spellcasting
  2463 | D:6      | Found a staircase to the Ecumenical Temple.
  2473 | D:6      | Got a crude short sword
  2489 | Temple   | Entered the Ecumenical Temple
  2491 | Temple   | Identified the +6 short sword "Fijur" {freeze, +Inv} (You found it on level 6 of the Dungeon)
  2526 | Temple   | Became a worshipper of Cheibriados the Contemplative
  2573 | D:6      | Reached skill level 5 in Spellcasting
  2606 | D:6      | Found a basalt altar of Yredelemnul.
  2644 | D:6      | Found a runed door.
  2648 | D:6      | Found a runed door.
  2668 | D:6      | Reached skill level 6 in Spellcasting
  2729 | D:6      | Reached * piety under Cheibriados
  2850 | D:7      | Reached XP level 9. HP: 52/67 MP: 14/18
  2858 | D:7      | Reached skill level 5 in Fighting
  2923 | D:8      | Reached skill level 1 in Invocations
  2956 | D:8      | Noticed wojtek's ghost (novice MiBe)
  3004 | D:7      | Reached ** piety under Cheibriados
  3066 | D:8      | HP: 3/68 [fell downstairs (1)]
  3066 | D:8      | Slain by a killer bee

Skill      XL: |  1  2  3  4  5  6  7  8  9 |
---------------+----------------------------+-----
Conjurations   | 1 2 |  2.3
Summonings     | 2 |  2.0
Poison Magic   | 2 |  2.9
Air Magic      | 1 2 |  2.1
Fire Magic     | 1 2 |  2.4
Translocations | 1 2 |  2.4
Fighting       | 2 3 4 5 |  5.4
Armour         | 1 2 |  2.4
Spellcasting   | 6 |  6.4
Dodging        | 3 4 |  4.4
Invocations    | 1 |  1.7
Stealth        | |  2.1

Action                   |  1- 3 |  4- 6 |  7- 9 || total
-------------------------+-------+-------+-------++-------
Melee: Unarmed           |    10 |       |       ||    10
       Whip              |    11 |       |       ||    11
       Tailslap          |     1 |       |       ||     1
       Dagger            |    11 |    91 |     5 ||   107
       Flail             |     5 |     1 |       ||     6
       Spear             |       |    10 |     9 ||    19
       Hand axe          |       |     4 |    76 ||    80
       Short sword       |       |       |   136 ||   136
 Fire: Hunting sling     |     6 |     5 |     6 ||    17
 Cast: Magic Dart        |    54 |    24 |     8 ||    86
       Call Imp          |     5 |    18 |       ||    23
       Mephitic Cloud    |       |     5 |    17 ||    22
       Conjure Flame     |       |     2 |    12 ||    14
       Blink             |       |       |     6 ||     6
  Use: Scroll            |       |       |    10 ||    10
 Stab: Sleeping          |     1 |       |       ||     1
       Confused          |       |     1 |     4 ||     5
       Distracted        |       |     1 |       ||     1
  Eat: Chunk             |       |     5 |     6 ||    11
Armor: Robe              |    24 |     4 |       ||    28
       Leather armour    |       |     4 |    74 ||    78
Dodge: Dodged            |    60 |    61 |   184 ||   305
